 Dungeon Crawl Stone Soup version 0.31-a0-949-g57150269e1 (webtiles) character file.

Game seed: 9397982225062046900

2805 redmage the Grappler (level 9, -2/61 (64) HPs)
             Began as a Green Draconian Shapeshifter on Oct 18, 2023.
             Was an Initiate of Nemelex Xobeh.
             Slain by an orc warrior
             ... wielding a +0 glaive
              (21 damage)
             ... on level 7 of the Dungeon on Oct 23, 2023.
             The game lasted 00:21:18 (6896 turns).

redmage the Grappler (Green Draconian Shapeshifter) Turns: 6896, Time: 00:21:20

HP:   -2/61 (64)    AC:  7    Str: 18    XL:     9   Next: 44%
MP:   9/9           EV: 12    Int: 11    God:    Nemelex Xobeh [......]
Gold: 498           SH:  0    Dex: 13    Spells: 8/8 levels left

rFire   . .          .
                       - Unarmed
rCold   + . .        (no shield)
rNeg    . . .        (body armour unavailable)
rPois   +            (helmet currently unavailable)
rElec   .            (cloak currently unavailable)
rCorr   .            d - melded +0 pair of gloves
SInv    .            q - melded +0 pair of boots
Will    .....        (no amulet)
Stlth   +            w - ring of protection from cold
HPRegen 0.30/turn    (no ring)
MPRegen 0.11/turn

%: no passive effects
@: beast-form, lightly drained
A: beast (slay +4), breathe noxious fumes, AC +7, unfitting armour, poison
resistance, cold-blooded
a: Breathe Noxious Fumes, Begin Untransformation, Renounce Religion, Draw
Escape, Draw Destruction, Draw Summoning


You were on level 7 of the Dungeon.
You worshipped Nemelex Xobeh.
Nemelex Xobeh was noncommittal.
You were a hulking beast.
You visited 2 branches of the dungeon, and saw 8 of its levels.

You collected 498 gold pieces.

Inventory:

Hand Weapons
 y - the +8 short sword of the Unliving {spect, rF++ rCorr Dex-5 SInv}
   (You found it on level 4 of the Dungeon)

   Dex-5:     It affects your dexterity (-5).
   rF++:      It greatly protects you from fire.
   SInv:      It lets you see invisible.
   rCorr:     It protects you from acid and corrosion.
Missiles
 x - 5 curare-tipped darts
 A - 4 boomerangs
Armour
 d - a +0 pair of gloves (melded)
 q - a +0 pair of boots (melded)
Jewellery
 w - a ring of protection from cold (left hand)
Talismans
 b - a beast talisman (active)
Wands
 B - a wand of digging (4)
 C - a wand of mindburst (11)
 F - a wand of polymorph (7)
Scrolls
 e - 3 scrolls of teleportation
 g - a scroll of enchant armour {unknown}
 i - a scroll of immolation {unknown}
 j - 2 scrolls of butterflies {unknown}
 k - a scroll of brand weapon {unknown}
 l - 2 scrolls of poison
 m - a scroll of torment {unknown}
 n - a scroll of vulnerability
 o - a scroll of amnesia {unknown}
 p - 2 scrolls of revelation {unknown}
 r - a scroll of silence {unknown}
 t - a scroll of fog {unknown}
 z - 2 scrolls of enchant weapon
 D - 2 scrolls of blinking
 E - 2 scrolls of fear
Potions
 a - a potion of lignification
 c - 2 potions of mutation {unknown}
 f - 2 potions of brilliance
 h - 3 potions of curing
 s - a potion of berserk rage {unknown}
 u - 3 potions of might
 v - 2 potions of haste


   Skills:
 - Level 1.1 Fighting
 - Level 1.7 Dodging
 * Level 11.1 Unarmed Combat
 + Level 7.6 Shapeshifting


You had 8 spell levels left.
You didn't know any spells.
Your spell library contained the following spells:

 Spells                   Type           Power      Damage    Failure   Level
 Lesser Beckoning         Tloc           0%         N/A       47%         2
 Gell's Gravitas          Tloc           0%         N/A       71%         3
 Teleport Other           Tloc           0%         N/A       71%         3


Dungeon Overview and Level Annotations

Branches:
Dungeon (7/15)             Temple (1/1) D:7

Altars:
Ashenzari
Cheibriados
Dithmenos
Elyvilon
Fedhas
Gozag
Hepliaklqana
Kikubaaqudgha
Makhleb
Nemelex Xobeh
Okawaru
Qazlal
Ru
Sif Muna
Trog
Uskayaw
Vehumet
Wu Jian
Yredelemnul
Zin
The Shining One

Shops:
D:1 [   D:6 [   D:7 *


Innate Abilities, Weirdness & Mutations

You are a hulking beast.
Your limbs bulge with bestial killing power. (Slay +4)
You can breathe blasts of noxious fumes.
Your lurid green scales are hard. (AC +7)
You cannot fit into any form of body armour.
Your system is resistant to poisons. (rPois)
You are cold-blooded and may be slowed by cold attacks.


Message History

t - a scroll labelled JOPUXT BOKER A wight comes into view.
It is wielding a +4 battleaxe and carrying a wand of flame.
An orc comes into view. It is wielding a +0 war axe.
An orc wizard comes into view. It is wielding a +1 dagger of draining.
The orc wizard shouts!
You hear a shout!
An orc comes into view. It is wielding a +0 heavy hand axe.
An orc warrior and an orc come into view.
The orc warrior shouts!
The orc shouts!
You hear a shout!
An orc wizard comes into view. It is wielding a +0 dagger.
The orc shouts!
You hear a shout!
The orc wizard barely misses you.
An orc comes into view. It is wielding a +0 mace.
The orc warrior hits you from afar with a +0 glaive!
You punch the orc wizard!
The orc wizard is heavily wounded.
The orc wizard hits you with a +1 dagger of draining.
You feel drained.
The orc warrior hits you but does no damage.
You closely miss the orc wizard.
The orc wizard is heavily wounded.
The orc wizard closely misses you.
You hit the orc wizard.
The orc wizard is almost dead.
An orc comes into view. It is wielding a +0 hand axe.
The orc warrior hits you from afar with a +0 glaive!
You barely miss the orc wizard.
The orc wizard is almost dead.
The orc wizard points at you and mumbles some strange words.
The magic dart hits you.
The orc warrior hits you from afar with a +0 glaive!
The orc wizard mumbles some strange words.
The orc wizard flickers and vanishes!
Deactivating autopickup; reactivate with Ctrl-A.
You closely miss the orc wizard.
Your tail-slap misses the orc wizard.
The orc wizard is almost dead.
The orc wizard hits you but does no damage.
You feel drained.
The orc warrior hits you from afar with a +0 glaive!!
You die...
Your body disappears without a glow.

#.##.##.. .....#######
#.#...... .##..# _#
#.......# #...# #.#
#......o# .....###.###
#......o# # #.....# #...o{o#
#.....# #..o.oo# #.....# #o#
#+#.....# #h# ##..#.....#
##.# ##...#.....# ##..#
##....#.....#
#########...####.....#.....#
z..............'.....###.###
#########...####.....# #.# #
#....# ##....# #.# # #.##.##
##.).###)# # #.#...##
##)).)).# #


You could see an orc warrior, an orc wizard and 5 orcs.

Vanquished Creatures
  Joseph (D:7)
  Prince Ribbit (D:7)
  Sigmund (D:5)
  Duvessa (D:7)
  A black bear (D:4)
  4 ice beasts
  A centaur (D:7)
  A phantom (D:5)
  2 bullfrogs (D:7)
  A gnoll sergeant (D:7)
  3 scorpions
  Dowan (D:7)
  A centaur zombie (D:7)
  4 jellies
  6 hounds
  4 orc priests
  4 iguanas
  Ijyb (D:5)
  6 orc wizards
  A howler monkey zombie (D:7)
  8 gnolls
  7 adders
  2 shadow imps
  2 white imps
  4 ufetubi
  A worm (D:3)
  2 dart slugs
  27 orcs
  6 bats
  7 endoplasms
  4 giant cockroaches
  7 goblins
  2 hobgoblins
  3 jackals (D:3)
  2 quokkas
  4 ball pythons
  8 kobolds
  3 rats
144 creatures vanquished.

Notes
Turn   | Place    | Note
-------+----------+-------------------------------------------
     0 | D:1      | redmage the Draconian Shapeshifter began the quest for the
                  | Orb.
     0 | D:1      | Reached XP level 1. HP: 16/16 MP: 1/1
   266 | D:1      | Reached XP level 2. HP: 20/23 MP: 2/2
   435 | D:1      | Found Nunur's Antique Armour Shoppe.
   859 | D:2      | Identified the +8 short sword "Adem" {freeze, rPois Int+3}
   911 | D:2      | Reached XP level 3. HP: 25/28 MP: 3/3
  1003 | D:2      | Reached skill level 4 in Unarmed Combat
  1276 | D:3      | Reached XP level 4. HP: 21/35 MP: 4/4
  1398 | D:3      | Reached skill level 5 in Unarmed Combat
  1398 | D:3      | Reached XP level 5. HP: 40/40 MP: 5/5
  1517 | D:3      | Found a faded altar of an unknown god.
  1568 | D:3      | Identified the +2 ring mail of Bacurat {rF+++ rCorr Str-3
                  | Stlth+}
  2301 | D:4      | Identified the +8 short sword of the Unliving {spect, rF++
                  | rCorr Dex-5 SInv}
  2545 | D:4      | Reached XP level 6. HP: 42/47 MP: 6/6
  2587 | D:4      | Reached skill level 6 in Unarmed Combat
  2901 | D:4      | Your scales start taking on a lurid green colour.
  2901 | D:4      | Reached XP level 7. HP: 46/52 MP: 7/7
  2901 | D:4      | Gained mutation: Your system is resistant to poisons.
                  | (rPois) [Green Draconian growth]
  3141 | D:4      | Reached skill level 5 in Shapeshifting
  3225 | D:5      | Entered Level 5 of the Dungeon
  3235 | D:5      | Reached skill level 7 in Unarmed Combat
  3298 | D:5      | Found a blossoming altar of Fedhas.
  3352 | D:5      | Noticed Sigmund
  3431 | D:5      | Upgraded the game from 0.31-a0-925-g0a390f2509 to
                  | 0.31-a0-940-gdaa99269f9
  3451 | D:5      | Killed Sigmund
  3594 | D:5      | Reached skill level 8 in Unarmed Combat
  3706 | D:5      | Reached XP level 8. HP: 51/59 MP: 8/8
  3768 | D:5      | Noticed Ijyb
  3801 | D:5      | Killed Ijyb
  4087 | D:5      | Identified the +1 chain mail of the Solstice {Stlth+}
  4539 | D:5      | Reached skill level 9 in Unarmed Combat
  5383 | D:6      | Found a transporter.
  5410 | D:6      | Noticed Maggie
  5413 | D:6      | Maggie changed into Maggie the naga
  5413 | D:6      | Noticed Maggie
  5416 | D:6      | Maggie the naga changed into Maggie the hound
  5416 | D:6      | Noticed Maggie
  5426 | D:6      | Killed Maggie the hound
  5434 | D:6      | Identified the +6 short sword "Keomil" {heavy, SInv}
  5594 | D:6      | Found a transporter.
  5594 | D:6      | Found Joeckaev's Armour Emporium.
  5836 | D:7      | Noticed Duvessa
  5836 | D:7      | Noticed Dowan
  5842 | D:7      | Killed Duvessa
  5850 | D:7      | Killed Dowan
  5851 | D:7      | Reached skill level 10 in Unarmed Combat
  5915 | D:7      | Reached XP level 9. HP: 50/64 MP: 9/9
  5924 | D:7      | Noticed Prince Ribbit
  5931 | D:7      | Killed Prince Ribbit
  5946 | D:7      | Noticed Joseph
  6108 | D:7      | Killed Joseph
  6265 | D:7      | Found a staircase to the Ecumenical Temple.
  6279 | Temple   | Entered the Ecumenical Temple
  6280 | Temple   | Upgraded the game from 0.31-a0-940-gdaa99269f9 to
                  | 0.31-a0-949-g57150269e1
  6412 | Temple   | Became a worshipper of Nemelex Xobeh the Trickster
  6721 | D:7      | Reached skill level 11 in Unarmed Combat
  6782 | D:7      | Found a basalt altar of Yredelemnul.
  6856 | D:7      | Found Aoanax's Alliterative Accessories.
  6896 | D:7      | Slain by an orc warrior

Illustrated notes

Levels and vault maps discovered:
D:1:      zaba_arrival_water, layout_basic, serial_shops, shop
D:2:      layout_basic, minmay_close_crescents
D:3:      layout_loops_ring, basic_ecumenical_altar, serial_bayou_lake_a
D:4:      minmay_recursive_quarters, layout_basic
D:5:      layout_layer_cave, fedhas_altar_1, dreamdust_mushroom_princess,
          grunt_decor_junction, minmay_pentangle, uniq_sigmund, uniq_ijyb
D:6:      layout_basic, serial_shops, nicolae_shop_drivethru, kennysheep_potato,
          uniq_maggie
D:7:      layout_loops_corners, lemuel_zombie_altar_yredelemnul,
          minmay_temple_entry_glass, nicolae_alphabet_shops,
          uniq_prince_ribbit1, uniq_duvessa, uniq_joseph
Temple:   nicolae_temple_bog_church

Skill      XL: |  1  2  3  4  5  6  7  8  9 |
---------------+----------------------------+-----
Unarmed Combat | 4 5 6 8 10 11 | 11.1
Shapeshifting  | 4 5 6 7 |  7.6
Fighting       | |  1.1
Dodging        | |  1.7

Action                     |  1- 3 |  4- 6 |  7- 9 || total
---------------------------+-------+-------+-------++-------
  Melee: Unarmed           |    45 |   110 |   265 ||   420
         Tailslap          |     7 |    18 |    28 ||    53
         Short sword       |    22 |     5 |       ||    27
         Punch             |       |     2 |    12 ||    14
Ability: Begin Untransform |     1 |       |       ||     1
         Breathe Noxious F |       |       |     2 ||     2
  Evoke: Wand              |       |       |     6 ||     6
    Use: Scroll            |       |       |    11 ||    11
         Potion            |       |       |     2 ||     2
   Stab: Sleeping          |       |     2 |       ||     2
 Armour: Skin              |    35 |    53 |   172 ||   260
  Dodge: Dodged            |    32 |    61 |   124 ||   217
   Form: Beast             |     1 |       |       ||     1

Table legend: (Time is in decaauts)
 A = Elapsed time spent in this place.
 B = Non-inter-level travel time spent in this place.
 C = Inter-level travel time spent in this place.
 D = Time resting spent in this place.
 E = Time spent auto-exploring this place.
 F = Levels seen in this place.
 G = Mean time per level.
                   A        B        C        D        E       F      G
               +--------+--------+--------+--------+--------+-----+--------+
         Total |   6914 |   6655 |    259 |    211 |   5176 |   8 |  864.2 |
       Dungeon |   6752 |   6531 |    221 |    211 |   5176 |   7 |  964.6 |
        Temple |    161 |    123 |     38 |      0 |      0 |   1 |  161.0 |
               +--------+--------+--------+--------+--------+-----+--------+

Top non-repeatable levels by time:
     D:5: 1759 daAuts
     D:3: 1012 daAuts
     D:6: 959 daAuts
     D:4: 936 daAuts
     D:2: 781 daAuts
     D:7: 755 daAuts
     D:1: 547 daAuts
  Temple: 161 daAuts
